 Dungeon Crawl Stone Soup version 0.23-a0-422-g30b1108d6a (webtiles) character file.

149928 dleb1993 the Cruncher (level 18, -17/140 HPs)
             Began as a Formicid Fighter on Nov 15, 2018.
             Was a High Priest of Okawaru.
             Killed from afar by a revenant (34 damage)
             ... with a ghostly fireball
             ... on level 3 of the Abyss.
             The game lasted 02:39:47 (22894 turns).

dleb1993 the Cruncher (Formicid Fighter)           Turns: 22894, Time: 02:39:48

Health: -17/140    AC: 20    Str: 28    XL:     18   Next: 14%
Magic:  39/40      EV: 19    Int: 18    God:    Okawaru [*****.]
Gold:   370        SH: 26    Dex: 19    Spells: 26/35 levels left

rFire    + + .     SeeInvis +   y - +2 quarterstaff (chaos)
rCold    + . .     Gourm    .   M - +2 large shield {rC+}
rNeg     . . .     Faith    .   U - +8 ring mail "Egaj Zakh" {rPois MP+9 Int+4}
rPois    +         Spirit   .   (helmet unavailable)
rElec    .         Reflect  +   j - +2 cloak of Feasting {rF+ MR- Int+4}
rCorr    .         Harm     .   p - +0 pair of gloves
MR       .....                  V - +0 pair of boots
Stlth    ++++......             N - +5 amulet of reflection
HPRegen  0.33/turn              Q - ring of protection from fire
MPRegen  0.27/turn              m - +5 ring of strength

@: agile, heavily drained
A: permanent stasis, dig shafts and tunnels, four strong arms, antennae 3
a: Dig, Shaft Self, Heroism, Finesse, Renounce Religion


You were on level 3 of the Abyss.
You worshipped Okawaru.
Okawaru was extremely pleased with you.
You were hungry.

You visited 5 branches of the dungeon, and saw 27 of its levels.
You visited the Abyss 1 time.
You also visited: Ossuary.

You collected 2746 gold pieces.
You spent 2376 gold pieces at shops.

Inventory:

Hand Weapons
 c - a +9 longbow of velocity
 d - a +1 bardiche of pain
 k - the +4 long sword of the Pure Curses {flame, rC+ Int+2}
   (You found it on level 1 of the Elven Halls)

   It has been specially enchanted to burn those struck by it, causing extra
   injury to most foes and up to half again as much damage against particularly
   susceptible opponents.
   Big, fiery blades are also staple armaments of hydra-hunters.
   It affects your intelligence (+2).
   It protects you from cold.
 y - a +2 quarterstaff of chaos (weapon)
 z - the +3 war axe of Tiudgh {holy, Str+5 Int+3}
   (You found it on level 13 of the Dungeon)

   It has been blessed by the Shining One to cause great damage to the undead
   and demons.
   It affects your strength (+5).
   It affects your intelligence (+3).
 B - a +0 arbalest
 I - the +8 spear "Hell-Harrower" {pierce, *Drain +Inv rPois MR+++}
   (You found it on level 12 of the Dungeon)

   It inflicts extra damage upon your enemies.
   It protects you from poison.
   It affects your resistance to hostile enchantments.
   It lets you turn invisible.
   It causes draining when unequipped.
 R - a +1 hunting sling of freezing
Missiles
 e - 24 tomahawks (quivered)
 l - 88 sling bullets
 s - 652 arrows
 x - 401 bolts
 G - 31 javelins
 P - 3 throwing nets
 T - 4 needles of confusion
Armour
 j - the +2 cloak of Feasting (worn) {rF+ MR- Int+4}
   (Okawaru gifted it to you on level 6 of the Lair of Beasts)

   It affects your intelligence (+4).
   It protects you from fire.
   It affects your resistance to hostile enchantments.
 p - a +0 pair of gloves (worn)
 u - a +2 pair of boots of flying
 w - a scarf of cloud immunity
 J - +0 ice dragon scales
 M - a +2 large shield of cold resistance (worn)
 U - the +8 ring mail "Egaj Zakh" (worn) {rPois MP+9 Int+4}
   (Okawaru gifted it to you on level 9 of the Dungeon)

   It affects your intelligence (+4).
   It protects you from poison.
   It affects your magic capacity (+9).
 V - a +0 pair of boots (worn)
 W - a +0 chain mail of positive energy
 X - +7 shadow dragon scales
Magical Staves
 O - an uncursed staff of energy
Jewellery
 m - a +5 ring of strength (right hand)
 v - an uncursed ring of resist corrosion
 E - an uncursed ring of flight
 N - a +5 amulet of reflection (around neck)
 Q - a ring of protection from fire (left hand)
Wands
 C - a wand of acid (9)
 L - a wand of random effects (64)
 Z - a wand of iceblast (22)
Scrolls
 g - a scroll of holy word
 i - 13 scrolls of remove curse
 q - 5 scrolls of immolation
 r - 3 scrolls of magic mapping
 t - 4 scrolls of identify
 D - 4 scrolls of fog
 H - 3 scrolls of torment
Potions
 a - 2 potions of agility
 b - 2 potions of ambrosia
 A - 6 potions of curing
 F - a potion of invisibility
 K - 8 potions of mutation
 Y - 2 potions of might
Comestibles
 f - 61 rations


   Skills:
 + Level 11.8(8.3) Fighting
   Level 0.3(0.0) Short Blades
 + Level 2.4(0.0) Axes
 - Level 14.0(10.3) Staves
 + Level 8.1(5.0) Bows
 + Level 5.3(2.4) Throwing
 + Level 9.9(6.6) Armour
 * Level 9.7(6.4) Dodging
 + Level 8.8(5.6) Stealth
 * Level 12.3(8.8) Shields
 + Level 9.2(5.9) Spellcasting
 + Level 3.3(0.6) Charms
 * Level 4.2(1.4) Necromancy
 + Level 5.4(2.5) Translocations
 + Level 3.8(1.0) Invocations
 + Level 3.2(0.5) Evocations


You had 26 spell levels left.
You knew the following spells:

 Your Spells              Type           Power        Failure   Level  Hunger
a - Regeneration          Chrm/Necr      #.........   77%         3    ##.....
b - Apportation           Tloc           ##....       22%         1    None
c - Bolt of Draining      Conj/Necr      #.........   100%        5    #####..

Your spell library contained the following spells:

 Spells                   Type           Power        Failure   Level  Hunger
 Animate Skeleton         Necr           N/A          34%         1    None
 Pain                     Necr           ##..         34%         1    None
 Shroud of Golubria       Chrm/Tloc      ##........   45%         2    None
 Corpse Rot               Necr           N/A          47%         2    None
 Sublimation of Blood     Necr           ##........   47%         2    None
 Confusing Touch          Hex            #.....       54%         1    None
 Sandblast                Erth           #.....       54%         1    None
 Sting                    Conj/Pois      #...         54%         1    None
 Summon Small Mammal      Summ           #...         54%         1    None
 Gell's Gravitas          Tloc           ##........   54%         3    ##.....
 Lesser Beckoning         Tloc           ##........   54%         3    ##.....
 Teleport Other           Tloc           ##......     54%         3    ##.....
 Passwall                 Tmut/Erth      #.......     67%         2    None
 Poisonous Vapours        Pois/Air       #.....       67%         2    None
 Vampiric Draining        Necr           ##........   71%         3    ##.....
 Conjure Flame            Conj/Fire      #.......     88%         3    ##.....
 Mephitic Cloud           Conj/Pois/Air  #.......     88%         3    ##.....
 Stone Arrow              Conj/Erth      #.....       88%         3    ##.....
 Passage of Golubria      Tloc           N/A          91%         4    ####...
 Animate Dead             Necr           N/A          98%         4    ####...
 Olgreb's Toxic Radiance  Pois           #.......     99%         4    ####...
 Petrify                  Tmut/Erth      #.......     99%         4    ####...
 Summon Lightning Spire   Summ/Air       #.......     99%         4    ####...
 Agony                    Necr           ##......     100%        5    #####..
 Dispel Undead            Necr           ##......     100%        5    #####..
 Excruciating Wounds      Chrm/Necr      #.........   100%        5    #####..
 Lee's Rapid Deconstruct  Erth           #.........   100%        5    #####..
 Silence                  Hex/Air        #.........   100%        5    #####..
 Venom Bolt               Conj/Pois      #.........   100%        5    #####..
 Bolt of Fire             Conj/Fire      #.........   100%        6    #######
 Conjure Ball Lightning   Conj/Air       #.........   100%        6    #######
 Deflect Missiles         Chrm/Air       #.........   100%        6    #######
 Tornado                  Air            #.........   100%        9    #######
 Blink                    Tloc           Unusable     N/A         2    N/A

Dungeon Overview and Level Annotations

Branches:
Dungeon (15/15)            Temple (1/1) D:7            Lair (6/6) D:8
  Swamp (0/4) Lair:3       Spider (0/4) Lair:4        Slime (0/5) Lair:6
    Orc (2/2) D:11            Elf (3/3) Orc:2        Vaults (0/5) D:14
 Depths (0/5) D:15

Altars:
Ashenzari
Cheibriados
Dithmenos
Fedhas
Gozag
Hepliaklqana
Kikubaaqudgha
Makhleb
Nemelex Xobeh
Okawaru
Qazlal
Ru
Sif Muna
Trog
Uskayaw
Vehumet
Wu Jian
Xom
Yredelemnul
Zin
The Shining One
Beogh
Jiyva

Shops:
D:5 !**(   D:6 (?:}%   D:7 [:[*(   D:11 (   D:12 ?   D:14 !*   Orc:2 ([?
Elf:1 [


Innate Abilities, Weirdness & Mutations

You cannot be hasted, slowed, berserked, paralysed or teleported.
You can dig through walls and to a lower floor.
Your four strong arms can wield two-handed weapons with a shield.
You have a pair of large antennae on your head. (SInv)


Message History

You block the spectral harpy's attack. The chaos spawn barely misses you.
The raiju is engulfed in spectral mist.
The raiju dies!
The spectral quicksilver dragon bites you but does no damage.
The spectral quicksilver dragon claws you but does no damage.
The revenant misses you.
The spectral harpy claws you but does no damage.
The spectral harpy claws you.
* * * LOW HITPOINT WARNING * * *
You feel better.
You are engulfed in spectral mist.
You block the spectral harpy's attack. x2
The chaos spawn is engulfed in spectral mist.
The chaos spawn completely misses you.
The spectral quicksilver dragon bites you but does no damage.
The spectral quicksilver dragon claws you but does no damage.
The spectral harpy misses you. You block the spectral harpy's attack.
A raiju comes into view.
The revenant lashes out with ghostly flames.
The ghostly flame explodes!
The ghostly fireball engulfs you!
You feel drained.
You die...

....#.Zh§ .# .
#{##..### .
###.## §...##. .
# .# ....#. . #L
# . ..# ..# . .
.# ##.# . .#..##
##.######..h #..
##YL@§...... .
#§4ZZ...... ....
#...............
#####.###.# #.
### #. #


You could see a revenant, a spectral quicksilver dragon, a spectral harpy, a
yak, a raiju (wandering) and a chaos spawn.

Vanquished Creatures
  Kirke (Elf:1)
  An orc warlord (Orc:2)
  2 deep elf elementalists (Elf:3)
  The ghost of Damamoz the Markscentaur, a journeyman CeHu of Gozag (Elf:1)
  A stone giant (Orc:2)
  2 minotaurs (D:13)
  Snorg (Orc:2)
  A deep elf death mage (Elf:1)
  A catoblepas (Lair:6)
  3 hydras
  An anaconda (Lair:6)
  2 centaur warriors (D:14)
  23 dancing weapons
  2 two-headed ogres
  4 death yaks (D:13)
  2 orc high priests (Orc:2)
  Nergalle (D:10)
  7 deep elf knights
  3 unseen horrors
  A deep elf archer (Elf:1)
  5 lindwurms
  A harpy (Lair:6)
  2 orc knights
  Pikel (D:6)
  27 deep elf magi
  2 salamanders (shapeshifter)
  4 manticores
  2 cyclopes (D:15)
  11 ugly things
  2 molten gargoyles (Lair:6)
  A rust devil (Abyss:3)
  4 spiny frogs
  6 black mambas
  A kobold demonologist (D:15)
  3 centaur skeletons (D:14)
  2 gargoyles
  A rime drake (Lair:3)
  11 komodo dragons
  8 yaktaurs
  2 trolls
  A tengu conjurer (D:15)
  A polar bear (Lair:4)
  A wolf spider simulacrum (D:15)
  A polar bear (shapeshifter) (D:15)
  Grinder (D:5)
  5 slime creatures (D:14)
  A raiju (shapeshifter) (D:15)
  8 hippogriffs
  A hornet (D:6)
  Prince Ribbit (D:6)
  4 blink frogs (Lair:6)
  A raiju (Abyss:3)
  A centaur simulacrum (D:15)
  5 dream sheep (Lair:4)
  Sigmund (D:4)
  2 shadows
  A tarantella (Lair:4)
  A water elemental (Elf:1)
  2 fire elementals
  5 basilisks
  6 wyverns
  A vampire (D:13)
  32 yaks
  5 hogs
  3 hungry ghosts
  A wraith (D:14)
  A steam dragon (Lair:6)
  2 large abominations (Elf:1)
  4 wargs
  An acid dragon (D:12)
  11 porcupines
  24 orc warriors
  16 water moccasins
  An eye of draining (D:11)
  4 hell hounds (Lair:6)
  3 sky beasts
  A slave (D:6)
  4 black bears
  A hornet zombie (D:9)
  12 ogres
  A boggart (shapeshifter) (D:8)
  12 wolves
  10 centaurs
  16 crocodiles
  4 elf zombies (Elf:1)
  12 bullfrogs
  2 wyvern zombies (Ossuary)
  A gnoll sergeant (D:9)
  2 earth elementals (Elf:1)
  3 scorpions
  A water moccasin skeleton (D:5)
  5 killer bees (D:9)
  3 wights (D:11)
  3 howler monkeys
  6 crimson imps
  4 centaur zombies
  5 lava snakes (Lair:6)
  5 hounds
  Crazy Yiuf (D:3)
  A bullfrog zombie (D:12)
  5 jellies
  28 orc wizards
  2 bullfrog skeletons
  26 orc priests
  A gnoll shaman (Orc:2)
  An iguana (D:4)
  2 hell rats (Lair:5)
  6 worker ants
  3 killer bee zombies (Ossuary)
  2 hound zombies (Ossuary)
  5 hound skeletons
  17 mummies (Ossuary)
  A howler monkey zombie (Ossuary)
  4 worker ant zombies (Ossuary)
  Robin (D:3)
  10 adders
  18 gnolls
  7 river rats (Lair:5)
  3 shadow imps
  2 oozes
  2 adder skeletons
  An adder zombie (D:6)
  2 worms
  3 dart slugs
  5 leopard geckos
  89 orcs
  8 bats
  4 giant cockroaches
  12 goblins
  7 hobgoblins
  9 jackals
  6 quokkas
  A ball python (D:1)
  A ball python zombie (Ossuary)
  3 frilled lizards
  3 jackal zombies (Ossuary)
  8 kobolds
  A quokka skeleton (D:8)
  3 quokka zombies
  12 rats
  A plant (D:7)
755 creatures vanquished.

Vanquished Creatures (collateral kills)
  A deep elf blademaster (Elf:3)
  A deep elf master archer (Elf:3)
  A hippogriff (Lair:6)
  A basilisk (Lair:6)
  A hell hound (Lair:6)
  2 fungi (D:8)
7 creatures vanquished.

Vanquished Creatures (others)
  A yaktaur captain (D:15)
  5 centaur warriors
  A deep elf knight (Elf:1)
  5 yaktaurs
  A raiju (Abyss:3)
  A water elemental (D:13)
  3 humans (Elf:1)
  A slave (D:6)
  5 centaurs
  A jelly (D:6)
  2 orc wizards
  3 orcs
  A quokka skeleton (D:6)
  A bush (Lair:6)
  8 fungi
  3 plants
  A withered plant (Ossuary)
43 creatures vanquished.

Grand Total: 805 creatures vanquished

Notes
Turn   | Place    | Note
-------+----------+-------------------------------------------
     0 | D:1      | dleb1993 the Formicid Fighter began the quest for the Orb.
     0 | D:1      | Reached XP level 1. HP: 18/18 MP: 1/1
    75 | D:1      | You fall through a shaft!
    97 | D:2      | Reached XP level 2. HP: 22/24 MP: 2/2
   258 | D:2      | Reached XP level 3. HP: 25/29 MP: 3/3
   530 | D:1      | Reached XP level 4. HP: 37/37 MP: 4/4
  1070 | D:2      | Found a snail-covered altar of Cheibriados.
  1121 | D:3      | Reached skill level 3 in Staves
  1287 | D:3      | Reached XP level 5. HP: 40/42 MP: 5/5
  1379 | D:3      | Found a runed door.
  1438 | D:3      | Noticed Crazy Yiuf
  1448 | D:3      | Killed Crazy Yiuf
  1557 | D:3      | Noticed Robin
  1584 | D:3      | Killed Robin
  1909 | D:4      | Found a sand-covered staircase.
  1926 | Ossuary  | Entered an ossuary
  1937 | Ossuary  | Reached skill level 1 in Stealth
  1942 | Ossuary  | Reached XP level 6. HP: 42/48 MP: 6/6
  1946 | Ossuary  | Reached skill level 4 in Staves
  1947 | Ossuary  | Reached skill level 1 in Dodging
  1976 | Ossuary  | Reached skill level 5 in Shields
  1976 | Ossuary  | Reached XP level 7. HP: 31/54 MP: 7/7
  2024 | Ossuary  | Reached skill level 5 in Staves
  2170 | Ossuary  | Reached skill level 6 in Staves
  2175 | Ossuary  | Reached XP level 8. HP: 32/61 MP: 8/8
  2201 | Ossuary  | Reached skill level 5 in Fighting
  2530 | D:4      | Noticed Sigmund
  2546 | D:4      | Killed Sigmund
  2759 | D:4      | Found a shimmering altar of Xom.
  2761 | D:4      | Found an ornate altar of the Wu Jian Council.
  2935 | D:5      | Entered Level 5 of the Dungeon
  3046 | D:5      | Reached skill level 7 in Staves
  3073 | D:5      | Noticed Grinder
  3099 | D:5      | Killed Grinder
  3121 | D:5      | Found a glowing silver altar of Zin.
  3211 | D:5      | Found Cooxuask's Antique Weapon Boutique.
  3216 | D:5      | Reached skill level 5 in Armour
  3216 | D:5      | Reached XP level 9. HP: 69/69 MP: 9/9
  3329 | D:5      | Found Fulotuat's Assorted Antiques.
  3334 | D:5      | Bought a warped morningstar for 234 gold pieces
  3334 | D:5      | Bought a scroll labeled PITHRO UCAN for 26 gold pieces
  3334 | D:5      | Bought a scroll labeled HUWUAS NAOM for 26 gold pieces
  3334 | D:5      | Bought a metallic red potion for 23 gold pieces
  3334 | D:5      | Identified the +1 morningstar "Dowoxegh" {drain, +Inv rC-
                  | MP-9 Dex+5} (You bought it in a shop on level 5 of the
                  | Dungeon)
  3399 | D:5      | Found Waegoblo's General Store.
  3412 | D:5      | Reached skill level 8 in Staves
  3539 | D:5      | Found Xoulitug's Distillery.
  3738 | D:6      | Found Zeorch Eseicw's Magic Scroll Boutique.
  3745 | D:6      | Bought a scroll of amnesia for 45 gold pieces
  3745 | D:6      | Noticed Prince Ribbit
  3785 | D:6      | Noticed Pikel
  3801 | D:6      | Killed Pikel
  3851 | D:6      | Found Venaphuz's Gadget Shoppe.
  3863 | D:6      | Noticed a hornet
  3868 | D:6      | Killed a hornet
  3868 | D:6      | Reached skill level 9 in Staves
  4019 | D:6      | Found Cexzy's Antique Weapon Shoppe.
  4040 | D:6      | Killed Prince Ribbit
  4243 | D:6      | Found Ohuariq's Book Emporium.
  4375 | D:6      | Found Dymotoit's Food Emporium.
  4428 | D:7      | Found a staircase to the Ecumenical Temple.
  4431 | D:7      | Found a basalt altar of Yredelemnul.
  4446 | Temple   | Entered the Ecumenical Temple
  4545 | Temple   | Became a worshipper of Warmaster Okawaru
  4651 | D:7      | Found Mukhipn's General Store.
  4660 | D:7      | Bought a scroll of identify for 30 gold pieces
  4746 | D:7      | Found Xiowo's Book Shoppe.
  4822 | D:7      | Found Qynt's Armour Emporium.
  4830 | D:7      | Bought a scarf of cloud immunity for 91 gold pieces
  4944 | D:7      | Found Doisuug's Antique Armour Shop.
  5027 | D:7      | Found Nefedeli's Weapon Emporium.
  5124 | D:7      | Reached XP level 10. HP: 77/77 MP: 10/10
  5466 | D:8      | Reached * piety under Okawaru
  5480 | D:8      | Found a staircase to the Lair.
  5619 | D:8      | Reached skill level 10 in Staves
  5658 | Lair:1   | Entered Level 1 of the Lair of Beasts
  5960 | Lair:1   | Got an ancient mace
  5961 | Lair:1   | Identified the +10 mace of Purpose {crush, Dex+4} (You
                  | found it on level 1 of the Lair of Beasts)
  5999 | Lair:1   | Noticed a black mamba
  6010 | Lair:1   | Killed a black mamba
  6015 | Lair:1   | Reached ** piety under Okawaru
  6268 | Lair:1   | Noticed a seven-headed hydra
  6290 | Lair:1   | Reached XP level 11. HP: 83/84 MP: 11/11
  6338 | Lair:2   | Reached *** piety under Okawaru
  6815 | Lair:2   | Reached skill level 11 in Staves
  6841 | Lair:2   | Reached skill level 5 in Stealth
  7293 | Lair:2   | Noticed a lindwurm
  7314 | Lair:2   | Noticed a lindwurm
  7314 | Lair:2   | Noticed a lindwurm
  7315 | Lair:2   | Noticed a lindwurm
  7357 | Lair:2   | Killed a lindwurm
  7357 | Lair:2   | Reached **** piety under Okawaru
  7357 | Lair:2   | Received a gift from Okawaru
  7357 | Lair:2   | Reached skill level 1 in Bows
  7398 | Lair:2   | Killed a lindwurm
  7430 | Lair:2   | Killed a lindwurm
  7449 | Lair:2   | Killed a lindwurm
  7449 | Lair:2   | Reached skill level 1 in Throwing
  7471 | Lair:2   | Learned a level 3 spell: Regeneration
  7480 | Lair:2   | Identified the Disquisition on Poisonous Arcane Weapons
  7870 | Lair:3   | Reached skill level 1 in Spellcasting
  7956 | Lair:3   | Got a twisted short sword
  7987 | Lair:3   | Reached ***** piety under Okawaru
  8127 | Lair:3   | Received a gift from Okawaru
  8155 | Lair:3   | Identified the +8 short sword "Ugetwaph" {pierce, Dex+3}
                  | (You found it on level 3 of the Lair of Beasts)
  8162 | Lair:3   | Reached XP level 12. HP: 57/94 MP: 15/15
  8194 | Lair:3   | Found a staircase to the Swamp.
  9693 | Lair:4   | Received a gift from Okawaru
  9712 | Lair:4   | Got a warped hand axe {god gift}
  9713 | Lair:4   | Identified the +1 hand axe "Ruikluz" {elec, Int+4} (Okawaru
                  | gifted it to you on level 4 of the Lair of Beasts)
  9868 | Lair:4   | Found a hole to the Spider Nest.
  9897 | Lair:4   | Reached skill level 1 in Charms
 10794 | Lair:5   | Reached skill level 1 in Necromancy
 10976 | Lair:6   | Entered Level 6 of the Lair of Beasts
 11244 | Lair:6   | Reached skill level 10 in Shields
 11256 | Lair:6   | Noticed a catoblepas
 11347 | Lair:6   | Reached XP level 13. HP: 101/101 MP: 18/18
 11400 | Lair:6   | Received a gift from Okawaru
 11409 | Lair:6   | Got a bloodstained cloak {god gift}
 11415 | Lair:6   | Identified the +2 cloak of Feasting {rF+ MR- Int+4}
                  | (Okawaru gifted it to you on level 6 of the Lair of Beasts)
 11468 | Lair:6   | Noticed an eight-headed hydra
 11479 | Lair:6   | Killed an eight-headed hydra
 11479 | Lair:6   | Reached ****** piety under Okawaru
 11481 | Lair:6   | Reached skill level 12 in Staves
 11787 | Lair:6   | Noticed a fire dragon
 12192 | Lair:6   | Found a large runed door.
 12193 | Lair:6   | Found a large runed door.
 12232 | Lair:6   | Noticed an anaconda
 12232 | Lair:6   | a fire dragon changed into an anaconda
 12238 | Lair:6   | Killed an anaconda
 12238 | Lair:6   | Reached skill level 5 in Dodging
 12254 | Lair:6   | Reached skill level 1 in Axes
 12254 | Lair:6   | Reached XP level 14. HP: 86/109 MP: 20/20
 12255 | Lair:6   | Reached skill level 10 in Fighting
 12255 | Lair:6   | Reached skill level 5 in Bows
 12255 | Lair:6   | Reached skill level 5 in Throwing
 12255 | Lair:6   | Reached skill level 5 in Spellcasting
 12255 | Lair:6   | Reached XP level 15. HP: 92/115 MP: 20/23
 12314 | Lair:6   | Found a viscous altar of Jiyva.
 12314 | Lair:6   | Found a staircase to the Slime Pits.
 13518 | D:8      | Received a gift from Okawaru
 13779 | D:9      | Found a hazy altar of Hepliaklqana.
 13822 | D:9      | Found a blossoming altar of Fedhas.
 13824 | D:9      | Received a gift from Okawaru
 13825 | D:9      | Got a shimmering ring mail {god gift}
 13836 | D:9      | Identified the +8 ring mail "Egaj Zakh" {rPois MP+9 Int+4}
                  | (Okawaru gifted it to you on level 9 of the Dungeon)
 14036 | D:10     | Entered Level 10 of the Dungeon
 14036 | D:10     | Noticed Nergalle
 14048 | D:10     | Killed Nergalle
 14916 | D:11     | Reached skill level 13 in Staves
 14965 | D:11     | Found a staircase to the Orcish Mines.
 15353 | D:11     | Found Omuapo Dibef's Weapon Boutique.
 15527 | D:12     | Found Sieliuw's Magic Scroll Emporium.
 15584 | D:12     | Got a fine spear
 15585 | D:12     | Identified the +8 spear "Hell-Harrower" {pierce, *Drain
                  | +Inv rPois MR+++} (You found it on level 12 of the Dungeon)
 15662 | D:12     | Bought 2 scrolls of magic mapping for 98 gold pieces
 15662 | D:12     | Bought a scroll of identify for 28 gold pieces
 15662 | D:12     | Bought a scroll of magic mapping for 49 gold pieces
 15662 | D:12     | Bought a scroll of enchant weapon for 105 gold pieces
 15662 | D:12     | Bought a scroll of identify for 28 gold pieces
 15662 | D:12     | Bought a scroll of magic mapping for 49 gold pieces
 15662 | D:12     | Bought a scroll of identify for 28 gold pieces
 15662 | D:12     | Bought a scroll of holy word for 105 gold pieces
 15987 | D:12     | You fall through a shaft for 2 floors!
 16298 | D:14     | Found Socaahud's Distillery.
 16301 | D:14     | Bought a potion of mutation for 88 gold pieces
 16301 | D:14     | Bought a potion of curing for 33 gold pieces
 16301 | D:14     | Bought a potion of heal wounds for 55 gold pieces
 16301 | D:14     | Bought a potion of curing for 33 gold pieces
 16301 | D:14     | Bought a potion of curing for 33 gold pieces
 16301 | D:14     | Bought a potion of agility for 44 gold pieces
 16373 | D:14     | Reached XP level 16. HP: 124/124 MP: 24/24
 16657 | D:14     | Found Xysox's Assorted Antiques.
 16674 | D:14     | Bought an amethyst potion for 29 gold pieces
 16674 | D:14     | Bought a scroll of identify for 66 gold pieces
 16790 | D:14     | Received a gift from Okawaru
 16949 | D:14     | Found a gate to the Vaults.
 17132 | D:14     | Learned a level 1 spell: Apportation
 17388 | D:15     | Entered Level 15 of the Dungeon
 17527 | D:15     | Found a staircase to the Depths.
 17542 | D:15     | Reached skill level 14 in Staves
 17544 | D:15     | Reached skill level 1 in Translocations
 18406 | D:13     | Identified the +3 war axe of Tiudgh {holy, Str+5 Int+3}
 18759 | D:13     | Received a gift from Okawaru
 19496 | Orc:1    | Entered Level 1 of the Orcish Mines
 19496 | Orc:1    | Found a roughly hewn altar of Beogh.
 19672 | Orc:2    | Entered Level 2 of the Orcish Mines
 19783 | Orc:1    | Noticed Snorg
 19814 | Orc:2    | Found a staircase to the Elven Halls.
 19838 | Orc:2    | Killed Snorg
 19838 | Orc:2    | Received a gift from Okawaru
 19838 | Orc:2    | Reached XP level 17. HP: 70/131 MP: 11/27
 19881 | Orc:2    | Found a roughly hewn altar of Beogh.
 19942 | Orc:1    | Found a radiant altar of Vehumet.
 20034 | Orc:1    | Found a roughly hewn altar of Beogh.
 20193 | Orc:2    | Found a roughly hewn altar of Beogh.
 20282 | Orc:2    | Found a roughly hewn altar of Beogh.
 20320 | Orc:2    | Found Esuan's Magic Scroll Emporium.
 20326 | Orc:2    | Bought a scroll of remove curse for 42 gold pieces
 20326 | Orc:2    | Bought a scroll of enchant weapon for 105 gold pieces
 20326 | Orc:2    | Bought a scroll of remove curse for 42 gold pieces
 20326 | Orc:2    | Bought a scroll of identify for 28 gold pieces
 20326 | Orc:2    | Bought a scroll of enchant weapon for 105 gold pieces
 20353 | Orc:2    | Found a roughly hewn altar of Beogh.
 20377 | Orc:2    | Found a roughly hewn altar of Beogh.
 20448 | Orc:2    | Found a roughly hewn altar of Beogh.
 20787 | Orc:2    | Found Ivoxziwoige's Antique Armour Emporium.
 20788 | Orc:2    | Found a roughly hewn altar of Beogh.
 20791 | Orc:2    | Found Kymoasagg's Antique Weapon Shoppe.
 20809 | Orc:2    | Bought an embroidered scarf for 208 gold pieces
 20861 | Orc:2    | Found a roughly hewn altar of Beogh.
 20914 | Orc:2    | Found a roughly hewn altar of Beogh.
 20946 | Orc:2    | Found Zazayclu's Food Emporium.
 20954 | Orc:2    | Bought a ration for 50 gold pieces
 20954 | Orc:2    | Bought a ration for 50 gold pieces
 20954 | Orc:2    | Bought a ration for 50 gold pieces
 20954 | Orc:2    | Bought a ration for 50 gold pieces
 20954 | Orc:2    | Bought a ration for 50 gold pieces
 20954 | Orc:2    | Bought a ration for 50 gold pieces
 20954 | Orc:2    | Bought a ration for 50 gold pieces
 20954 | Orc:2    | Bought a ration for 50 gold pieces
 20954 | Orc:2    | Bought a ration for 50 gold pieces
 20954 | Orc:2    | Bought a ration for 50 gold pieces
 21051 | Elf:1    | Entered Level 1 of the Elven Halls
 21169 | Elf:1    | Found Zangun's Antique Armour Emporium.
 21209 | Elf:1    | Got a bloodstained long sword
 21210 | Elf:1    | Identified the +4 long sword of the Pure Curses {flame, rC+
                  | Int+2} (You found it on level 1 of the Elven Halls)
 21380 | Elf:1    | Identified the Tome of Sinister Rites
 21421 | Elf:1    | Noticed Kirke
 21441 | Elf:1    | Killed Kirke
 21461 | Elf:1    | Found a transporter.
 21468 | Elf:1    | Noticed Damamoz's ghost (journeyman CeHu)
 21641 | Elf:1    | Found a transporter.
 21766 | Elf:1    | Killed Damamoz's ghost
 21834 | Elf:1    | Learned a level 5 spell: Bolt of Draining
 21999 | Elf:2    | Found a huge runed gate.
 22062 | Elf:2    | Received a gift from Okawaru
 22096 | Elf:2    | Reached skill level 5 in Translocations
 22248 | Elf:2    | Received a gift from Okawaru
 22491 | Elf:2    | Reached XP level 18. HP: 105/139 MP: 31/31
 22632 | Elf:3    | Entered Level 3 of the Elven Halls
 22738 | Elf:3    | Noticed a deep elf blademaster
 22739 | Elf:3    | Noticed a deep elf master archer
 22755 | Elf:3    | Killed a deep elf blademaster
 22766 | Elf:3    | Killed a deep elf master archer
 22766 | Elf:3    | Received a gift from Okawaru
 22813 | Elf:3    | Cast into level 3 of the Abyss (a deep elf sorcerer)
 22892 | Abyss:3  | HP: 7/140 [revenant] (15)]
 22894 | Abyss:3  | Killed from afar by a revenant

Vault maps used:
D:1:      minmay_arrival_loop
D:2:      cheibriados_altar_1, serial_glass, glass_columns_c, glass_columns_a,
          glass_columns_a, glass_columns_b, first_ration
D:3:      uniq_robin, uniq_crazy_yiuf_cottage
D:4:      minitemple, nicolae_ossuary_entry_false_entrances, uniq_sigmund
D:5:      kennysheep_mini_moat, serial_shops, kennysheep_little_box, shop,
          nicolae_shop_crystal, shop, hangedman_abyss_or_decor_lesser_grid,
          uniq_grinder
D:6:      serial_shops, shop, kennysheep_mini, shop, nicolae_shop_crystal,
          nicolae_shop_crystal, chequers_serial_rivers_small_3,
          uniq_prince_ribbit1, uniq_pikel
D:7:      yredelemnul_altar_generic, minmay_temple_entry_overgrown,
          serial_shops, shop_fountains, shop, nicolae_shop_stone,
          nicolae_shop_temple_entry_statues_fountains, shop_coins,
          grunt_ogre_cave
D:8:      due_lair_maze_entry_diamond
D:9:      overflow_temple_1_default, basic_altar, chequers_serial_rivers_micro_a
D:10:     uniq_nergalle
D:11:     erik_orc_4, serial_shops, nicolae_shop_behind_doors,
          hangedman_glass_teeth
D:12:     serial_shops, nicolae_shop_waterfront
D:13:     fort_yaktaur
D:14:     erik_vaults_1, serial_shops, nicolae_shop_behind_doors,
          nicolae_shop_overgrown_old_shop, minmay_splitting_lines,
          lemuel_flamethrower_3
D:15:     grunt_enter_depths_snipers, hangedman_decor_opposing, serial_glass,
          glass_columns_a, glass_columns_b, glass_columns_a
Temple:   eino_temple_scatter_basement
Lair:1:   lemuel_fruit_tree
Lair:2:   st_stairs_11, nicolae_quartered_pool_little, minmay_lindwurm_lava
Lair:3:   swamp_mist_pool
Lair:4:   spider_nest_entry_rubble, serial_bayou_pond_c,
          infiniplex_staircase_pool
Lair:5:   kennysheep_rathole
Lair:6:   cheibrodos_lair_end_hotspot, slime_altar_1
Orc:1:    basic_altar, hangedman_feature_mirror, uniq_snorg
Orc:2:    grunt_orc_community_town_hall, grunt_orc_community_big_house_2,
          grunt_orc_community_big_house_1, grunt_orc_community_house_3,
          grunt_orc_community_house_3, grunt_orc_community_house_2,
          grunt_orc_community_house_1, grunt_orc_community_house_2,
          grunt_orc_community_house_2
Elf:1:    eino_elf_arrival_shootout, serial_shops, nicolae_shop_waterfront,
          gammafunk_ghost_arena, minmay_elf_necromancy, uniq_kirke
Elf:3:    grunt_elf_hall_branching, st_stairs_10, palyth_stone_intersect,
          feat_on_display
Abyss:3:  evilmike_abyss_exit_11
Ossuary:  ossuary_zaba_flooded

Skill      XL: |  1  2  3  4  5  6  7  8  9 10 11 12 13 14 15 16 17 18 |
---------------+-------------------------------------------------------+-----
Shields        | 4 5 7 8 10 12 | 12.3
Staves         | 3 4 6 7 9 10 11 12 13 14 | 14.0
Armour         | 4 5 6 7 8 9 |  9.9
Fighting       | 4 5 6 7 8 9 10 11 | 11.8
Stealth        | 1 3 4 5 6 7 8 |  8.8
Dodging        | 1 2 3 5 6 7 8 9 |  9.7
Bows           | 4 5 7 8 |  8.1
Throwing       | 1 3 4 5 |  5.3
Spellcasting   | 2 3 4 5 7 9 |  9.2
Charms         | 2 3 |  3.3
Necromancy     | 1 3 4 |  4.2
Axes           | 1 2 |  2.4
Invocations    | 2 3 |  3.8
Evocations     | 2 3 |  3.2
Translocations | 3 5 |  5.4
Short Blades   | |  0.3

Action                   |  1- 3 |  4- 6 |  7- 9 | 10-12 | 13-15 | 16-18 || total
-------------------------+-------+-------+-------+-------+-------+-------++-------
Melee: Quarterstaff      |    99 |   143 |   297 |   540 |   716 |   345 ||  2140
       Short sword       |       |       |       |     7 |       |       ||     7
 Fire: Shortbow          |       |       |       |   116 |    44 |       ||   160
       Longbow           |       |       |       |       |       |   852 ||   852
Throw: Stone             |       |       |       |     4 |       |       ||     4
       Javelin           |       |       |       |    48 |     8 |     5 ||    61
       Tomahawk          |       |       |       |    20 |     2 |    23 ||    45
 Cast: Apportation       |       |       |       |       |       |   678 ||   678
       Regeneration      |       |       |       |       |       |    22 ||    22
Invok: Heroism           |       |       |       |     1 |     6 |    14 ||    21
       Finesse           |       |       |       |       |       |     8 ||     8
 Abil: Dig               |     1 |       |       |    12 |     6 |     3 ||    22
       Evoke Flight      |       |       |       |     2 |     1 |     3 ||     6
Evoke: Box of beasts     |       |       |       |       |     4 |     2 ||     6
       Wand              |       |       |       |       |     3 |     2 ||     5
  Use: Potion            |       |     3 |     4 |     5 |     2 |    13 ||    27
       Scroll            |       |       |     9 |    19 |     9 |    23 ||    60
 Stab: Paralysed         |       |     1 |     1 |     5 |       |     5 ||    12
       Confused          |       |       |     2 |     1 |     2 |     1 ||     6
       Sleeping          |       |       |       |     5 |    11 |       ||    16
       Petrifying        |       |       |       |       |     7 |     2 ||     9
       Distracted        |       |       |       |       |     4 |       ||     4
       Petrified         |       |       |       |       |     2 |       ||     2
  Eat: Chunk             |       |     3 |     7 |    19 |    18 |    23 ||    70
       Ration            |       |       |     1 |     1 |       |       ||     2
Armor: Scale mail        |    53 |    47 |    29 |       |       |       ||   129
       Chain mail        |       |       |    55 |    45 |       |       ||   100
       Ring mail         |       |       |       |    48 |    54 |   115 ||   217
       Shadow dragon sca |       |       |       |    39 |   164 |       ||   203
Dodge: Dodged            |    41 |    41 |    70 |   148 |   156 |   230 ||   686
Block: Shield            |    53 |    55 |   113 |   237 |   405 |    53 ||   916
       Reflection        |       |       |       |       |     5 |    80 ||    85
       Large shield      |       |       |       |       |       |   743 ||   743

Table legend:
 A = Non-vault XP
 B = Vault XP
 C = Vault XP percentage of total XP
 D = Non-vault monster count
 E = Vault monster count
 F = Vault count percentage of total count
                 A         B        C        D         E       F
            +---------+---------+-------+---------+---------+-------
      Total |   82869 |   78645 |  48.7 |     481 |     296 |  38.1
            +---------+---------+-------+---------+---------+-------
        D:1 |      38 |       0 |   0.0 |      23 |       0 |   0.0
        D:2 |      45 |       0 |   0.0 |      17 |       0 |   0.0
        D:3 |      85 |      78 |  47.9 |      20 |      13 |  39.4
        D:4 |     169 |     223 |  56.9 |      11 |       1 |   8.3
        D:5 |     491 |     277 |  36.1 |      14 |       1 |   6.7
        D:6 |     681 |     872 |  56.1 |      17 |       2 |  10.5
        D:7 |      74 |     116 |  61.1 |       7 |       1 |  12.5
        D:8 |    1025 |    1022 |  49.9 |      15 |       9 |  37.5
        D:9 |    1232 |       0 |   0.0 |      21 |       0 |   0.0
       D:10 |     399 |     804 |  66.8 |       8 |       1 |  11.1
       D:11 |    4127 |     483 |  10.5 |      31 |      16 |  34.0
       D:12 |    3613 |       0 |   0.0 |      22 |       0 |   0.0
       D:13 |    2817 |   11146 |  79.8 |      13 |      34 |  72.3
       D:14 |   16985 |    1808 |   9.6 |      54 |       2 |   3.6
       D:15 |    9508 |    2461 |  20.6 |      23 |       3 |  11.5
     Lair:1 |    5334 |       0 |   0.0 |      20 |       0 |   0.0
     Lair:2 |    2768 |    2751 |  49.8 |      15 |       5 |  25.0
     Lair:3 |    3278 |       0 |   0.0 |      13 |       0 |   0.0
     Lair:4 |    5341 |     214 |   3.9 |      26 |       1 |   3.7
     Lair:5 |    2307 |     160 |   6.5 |      13 |      11 |  45.8
     Lair:6 |    5781 |    7316 |  55.9 |      20 |      27 |  57.4
      Orc:1 |     987 |       0 |   0.0 |      10 |       0 |   0.0
      Orc:2 |    4376 |    7264 |  62.4 |      48 |      74 |  60.7
      Elf:1 |    4870 |   13532 |  73.5 |       9 |      26 |  74.3
      Elf:2 |    4803 |   22133 |  82.2 |       7 |      29 |  80.6
      Elf:3 |    1109 |    5112 |  82.2 |       2 |       4 |  66.7
    Abyss:3 |     626 |       0 |   0.0 |       2 |       0 |   0.0
    Ossuary |       0 |     873 | 100.0 |       0 |      36 | 100.0
            +---------+---------+-------+---------+---------+-------
